 Dungeon Crawl Stone Soup version 0.29-a0-330-g52719c12eb (webtiles) character file.

Game seed: 9663743768905244850

185 Crownlay the Chiller (level 5, -2/37 HPs)
             Began as a Gnoll Ice Elementalist on May 1, 2022.
             Slain by Grinder the hellwing (9 damage)
             ... on level 3 of the Dungeon.
             The game lasted 00:04:48 (3192 turns).

Crownlay the Chiller (Gnoll Ice Elementalist)       Turns: 3192, Time: 00:04:49

Health: -2/37      AC:  9    Str:  8    XL:     5   Next: 64%
Magic:  3/12       EV: 13    Int: 16    God:
Gold:   170        SH:  0    Dex: 12    Spells: 3/14 levels left

rFire   . . .      SeeInvis .   r - +3 war axe (freeze)
rCold   . . .      Faith    .   (no shield)
rNeg    . . .      Spirit   .   a - +0 robe
rPois   .          Reflect  .   (no helmet)
rElec   .          Harm     .   (no cloak)
rCorr   .          Rampage  .   (no gloves)
Will    .....                   (no boots)
Stlth   +++.......              (no amulet)
HPRegen 0.12/turn               (no ring)
MPRegen 0.13/turn               (no ring)

@: ice-armoured, freezing walls
A: fangs 1, strong nose, distributed training
a: no special abilities


You were on level 3 of the Dungeon.
You visited 1 branch of the dungeon, and saw 3 of its levels.

You collected 170 gold pieces.

Inventory:

Hand Weapons
 r - a +3 war axe of freezing (weapon)
Armour
 a - a +0 robe (worn)
Scrolls
 c - a scroll of immolation
 e - a scroll of silence
 o - a scroll of summoning
 p - a scroll of vulnerability {unknown}
 q - a scroll of magic mapping {unknown}
Potions
 b - 2 potions of magic
 f - a potion of attraction {unknown}
 g - a potion of heal wounds
 j - a potion of might {unknown}
 k - 2 potions of haste {unknown}
 l - 2 potions of mutation {unknown}
 m - 2 potions of lignification {unknown}
 n - a potion of invisibility {unknown}
 s - a potion of resistance {unknown}


   Skills:
 + Level 1.6 Fighting
 + Level 1.6 Short Blades
 + Level 1.6 Long Blades
 + Level 1.6 Axes
 + Level 1.6 Maces & Flails
 + Level 1.6 Polearms
 + Level 1.6 Staves
 + Level 1.6 Slings
 + Level 1.6 Bows
 + Level 1.6 Crossbows
 + Level 1.6 Throwing
 + Level 1.6 Armour
 + Level 4.8 Dodging
 + Level 4.4 Stealth
 + Level 1.6 Shields
 + Level 1.6 Unarmed Combat
 + Level 5.2 Spellcasting
 + Level 1.2 Conjurations
 + Level 1.2 Hexes
 + Level 1.2 Summonings
 + Level 1.2 Necromancy
 + Level 1.2 Translocations
 + Level 1.2 Transmutations
 + Level 1.2 Fire Magic
 + Level 7.2 Ice Magic
 + Level 1.2 Air Magic
 + Level 1.2 Earth Magic
 + Level 1.2 Poison Magic
 + Level 1.8 Invocations
 + Level 1.6 Evocations


You had 3 spell levels left.
You knew the following spells:

 Your Spells              Type           Power      Damage    Failure   Level
a - Freeze                Ice            100%       1d11      1%          1
b - Frozen Ramparts       Ice            54%        1d7       2%          3
c - Ozocubu's Armour      Ice            27%        N/A       2%          3
d - Hailstorm             Conj/Ice       17%        3d6       26%         4

Your spell library contained the following spells:

 Spells                   Type           Power      Damage    Failure   Level


Dungeon Overview and Level Annotations

Branches:
Dungeon (3/15)

Altars:

Annotations:
D:3 Grinder


Innate Abilities, Weirdness & Mutations

You have very sharp teeth.
Your uncanny sense of smell can sniff out nearby items.
Your experience applies equally to all skills.


Message History

Aiming: Polymorph
Press: ? - help, Shift-Dir - straight line, f/p - Grinder
Aim: Grinder the hellwing (lightly wounded, will become a red devil, a smoke demon, or a crimson imp, chance to affect: 20%) Grinder resists with almost no effort.
The wall freezes Grinder.
Grinder hits you. x2
Aiming: Polymorph
Press: ? - help, Shift-Dir - straight line, f/p - Grinder
Aim: Grinder the hellwing (lightly wounded, will become a red devil, a smoke demon, or a crimson imp, chance to affect: 20%) Grinder resists with almost no effort.
The wall freezes Grinder.
Grinder misses you. Grinder completely misses you.
Aiming: Polymorph
Press: ? - help, Shift-Dir - straight line, f/p - Grinder
Aim: Grinder the hellwing (moderately wounded, will become a red devil, a smoke demon, or a crimson imp, chance to affect: 20%) Grinder resists with almost no effort.
The now-empty wand crumbles to dust.
The wall freezes Grinder!
Grinder closely misses you. Grinder completely misses you.
You aren't carrying any items that you can evoke.
You hit Grinder. You freeze Grinder.
Grinder is severely wounded.
The wall freezes Grinder.
Grinder hits you but does no damage. x2
You closely miss Grinder.
Grinder is severely wounded.
The frozen ramparts melt away.
Grinder grins, showing sharp teeth.
Grinder hits you!
* * * LOW HITPOINT WARNING * * *
Grinder hits you.
* * * LOW HITPOINT WARNING * * *
Grinder hits you but does no damage. Grinder misses you.
Casting: Frozen Ramparts (dangerous; 2% risk of failure)
Confirm with . or Enter, or press ? or * to list all spells.
Casting: Frozen Ramparts (dangerous; 2% risk of failure)
Press: ? - help, Dir - look around, f - activate The walls around you are covered in ice.
The wall freezes Grinder.
Grinder hits you but does no damage. Grinder closely misses you.
You barely miss Grinder.
Grinder is heavily wounded.
The wall freezes Grinder.
Grinder hits you!
You die...

#.... #.... ########....
#...........
##########.##########
####....................
#............>..........
#.##.##4...........#....
#.##.##@##########.....#
#.##.##.# #.....#
#)##.##.# #.....#
##)##.##.# #.....#
#.....##.# #.....#
#.....##.# #.#.###
#.....##.# #.#.# #
#.....##.# ###.#.###
##.....##.# #........


You could see Grinder the hellwing.

Vanquished Creatures
  Ijyb (D:3)
  Terence (D:3)
  Natasha (D:3)
  An orc wizard (D:3)
  An adder (D:2)
  5 orcs (D:3)
  9 endoplasms
  7 giant cockroaches
  6 goblins
  2 hobgoblins
  4 jackals (D:1)
  4 kobolds (D:2)
  8 quokkas
  4 ball pythons
  4 bats (D:2)
  A frilled lizard (D:2)
  4 rats
63 creatures vanquished.

Notes
Turn   | Place    | Note
-------+----------+-------------------------------------------
     0 | D:1      | Crownlay the Gnoll Ice Elementalist began the quest for the
                  | Orb.
     0 | D:1      | Reached XP level 1. HP: 13/13 MP: 6/6
    60 | D:1      | Reached XP level 2. HP: 7/19 MP: 1/7
   852 | D:1      | Reached XP level 3. HP: 25/25 MP: 6/9
   856 | D:1      | Learned a level 3 spell: Frozen Ramparts
   860 | D:1      | Learned a level 3 spell: Ozocubu's Armour
   895 | D:1      | Reached skill level 5 in Spellcasting
  1369 | D:2      | Reached skill level 1 in Invocations
  1759 | D:2      | Reached skill level 1 in Fighting
  1759 | D:2      | Reached skill level 1 in Short Blades
  1759 | D:2      | Reached skill level 1 in Long Blades
  1759 | D:2      | Reached skill level 1 in Axes
  1759 | D:2      | Reached skill level 1 in Maces & Flails
  1759 | D:2      | Reached skill level 1 in Polearms
  1759 | D:2      | Reached skill level 1 in Staves
  1759 | D:2      | Reached skill level 1 in Slings
  1759 | D:2      | Reached skill level 1 in Bows
  1759 | D:2      | Reached skill level 1 in Crossbows
  1759 | D:2      | Reached skill level 1 in Throwing
  1759 | D:2      | Reached skill level 1 in Armour
  1759 | D:2      | Reached skill level 1 in Shields
  1759 | D:2      | Reached skill level 1 in Unarmed Combat
  1759 | D:2      | Reached skill level 1 in Evocations
  1766 | D:2      | Reached XP level 4. HP: 30/32 MP: 7/11
  2386 | D:3      | Noticed Ijyb
  2401 | D:3      | Reached skill level 1 in Conjurations
  2401 | D:3      | Reached skill level 1 in Hexes
  2401 | D:3      | Reached skill level 1 in Summonings
  2401 | D:3      | Reached skill level 1 in Necromancy
  2401 | D:3      | Reached skill level 1 in Translocations
  2401 | D:3      | Reached skill level 1 in Transmutations
  2401 | D:3      | Reached skill level 1 in Fire Magic
  2401 | D:3      | Reached skill level 1 in Air Magic
  2401 | D:3      | Reached skill level 1 in Earth Magic
  2401 | D:3      | Reached skill level 1 in Poison Magic
  2404 | D:3      | Killed Ijyb
  2405 | D:3      | Reached XP level 5. HP: 16/37 MP: 1/12
  2777 | D:3      | Noticed Natasha
  2784 | D:3      | Killed Natasha
  3046 | D:3      | Noticed Terence
  3054 | D:3      | Learned a level 4 spell: Hailstorm
  3069 | D:3      | Killed Terence
  3136 | D:3      | Noticed Grinder
  3165 | D:3      | Paralysed by Grinder for 7 turns
  3174 | D:3      | HP: 1/37 [Grinder (1)]
  3183 | D:3      | Noticed Grinder
  3183 | D:3      | Grinder changed into Grinder the hellwing
  3192 | D:3      | Slain by Grinder the hellwing

Illustrated notes

Levels and vault maps discovered:
D:1:      minmay_arrival_arboretum_small, layout_loops_cross
D:2:      layout_basic
D:3:      layout_basic, uniq_ijyb, uniq_grinder, uniq_natasha, uniq_terence

Skill      XL: |  1  2  3  4 |
---------------+-------------+-----
Spellcasting   | 5 |  5.2
Invocations    | 1 |  1.8
Fighting       | 1 |  1.6
Short Blades   | 1 |  1.6
Long Blades    | 1 |  1.6
Axes           | 1 |  1.6
Maces & Flails | 1 |  1.6
Polearms       | 1 |  1.6
Staves         | 1 |  1.6
Slings         | 1 |  1.6
Bows           | 1 |  1.6
Crossbows      | 1 |  1.6
Throwing       | 1 |  1.6
Armour         | 1 |  1.6
Shields        | 1 |  1.6
Unarmed Combat | 1 |  1.6
Evocations     | 1 |  1.6
Conjurations   | 1 |  1.2
Hexes          | 1 |  1.2
Summonings     | 1 |  1.2
Necromancy     | 1 |  1.2
Translocations | 1 |  1.2
Transmutations | 1 |  1.2
Fire Magic     | 1 |  1.2
Air Magic      | 1 |  1.2
Earth Magic    | 1 |  1.2
Poison Magic   | 1 |  1.2
Dodging        | |  4.8
Stealth        | |  4.4
Ice Magic      | |  7.2

Action                   |  1- 3 |  4- 6 || total
-------------------------+-------+-------++-------
Melee: Unarmed           |     4 |       ||     4
       Club              |    10 |    11 ||    21
       Bite              |     1 |     4 ||     5
       War axe           |       |    31 ||    31
       Punch             |       |     1 ||     1
 Cast: Freeze            |    54 |     8 ||    62
       Frozen Ramparts   |       |     8 ||     8
       Ozocubu's Armour  |       |     4 ||     4
Evoke: Wand              |       |     6 ||     6
  Use: Scroll            |       |     5 ||     5
       Potion            |       |     2 ||     2
 Stab: Sleeping          |       |     1 ||     1
Armor: Robe              |     7 |    16 ||    23
Dodge: Dodged            |    40 |    35 ||    75

Table legend: (Time is in decaauts)
 A = Elapsed time spent in this place.
 B = Non-inter-level travel time spent in this place.
 C = Inter-level travel time spent in this place.
 D = Time resting spent in this place.
 E = Time spent auto-exploring this place.
 F = Levels seen in this place.
 G = Mean time per level.
                   A        B        C        D        E       F      G
               +--------+--------+--------+--------+--------+-----+--------+
         Total |   3209 |   3140 |     69 |      0 |   2666 |   3 | 1069.7 |
       Dungeon |   3209 |   3140 |     69 |      0 |   2666 |   3 | 1069.7 |
               +--------+--------+--------+--------+--------+-----+--------+

Top non-repeatable levels by time:
     D:2: 1202 daAuts
     D:1: 1160 daAuts
     D:3: 846 daAuts
